 Dungeon Crawl Stone Soup version 0.31-a0-977-gc230f8ef24 (webtiles) character file.

Game seed: 4851556824316948378

10602 tsujin the Grappler (level 11, -10/84 HPs)
             Began as a Gnoll Shapeshifter on Oct 30, 2023.
             Was an Elder of Trog.
             Mangled by a boulder beetle (11 damage)
             ... on level 11 of the Dungeon.
             The game lasted 00:25:24 (11930 turns).

tsujin the Grappler (Gnoll Shapeshifter)           Turns: 11930, Time: 00:25:25

Health: -10/84     AC:  6    Str: 18    XL:     11   Next: 64%
Magic:  0/20       EV: 15    Int:  9    God:    Trog [****..]
Gold:   523        SH:  0    Dex: 12    Spells: 23/23 levels left

rFire   + .          .
                       - Unarmed
rCold   . . .        (no shield)
rNeg    . . .        q - +0 steam dragon scales
rPois   .            (helmet currently unavailable)
rElec   .            (cloak currently unavailable)
rCorr   .            (gloves currently unavailable)
SInv    .            (boots currently unavailable)
Will    .....        a - amulet of guardian spirit
Stlth   +++          i - ring of protection from fire
HPRegen 0.34/turn    n - ring of flight
MPRegen 0.17/turn

%: guardian spirit
@: mighty, beast-form, on berserk cooldown, flying, slowed, very slow
A: beast (slay +4), fangs 1, strong nose, distributed training
a: Begin Untransformation, Renounce Religion, Berserk, Trog's Hand, Brothers in
Arms


You were on level 11 of the Dungeon.
You worshipped Trog.
Trog was greatly pleased with you.
You were a hulking beast.
You visited 1 branch of the dungeon, and saw 11 of its levels.
You also visited: Sewer.

You collected 671 gold pieces.
You spent 148 gold pieces at shops.

Inventory:

Missiles
 f - 4 javelins (quivered)
 x - 3 curare-tipped darts
 y - 7 poisoned darts
Armour
 l - a scarf of harm
 q - +0 steam dragon scales (worn)
 s - a +2 hat
 t - a +0 cloak
 z - a +0 pair of gloves
 F - a +2 cloak of stealth
 H - a +1 hat
Jewellery
 a - an amulet of guardian spirit (around neck)
 i - a ring of protection from fire (left hand)
 n - a ring of flight (right hand)
Talismans
 c - a beast talisman
 d - a flux talisman
 m - a serpent talisman
Wands
 p - a wand of flame (16)
 D - a wand of roots (10)
Scrolls
 e - 2 scrolls of noise
 g - 3 scrolls of amnesia
 o - 4 scrolls of identify
 v - a scroll of fog
 B - 3 scrolls of teleportation
 C - 2 scrolls of fear
Potions
 b - a potion of lignification
 j - a potion of might
 k - a potion of degeneration
 r - 2 potions of cancellation
 E - a potion of invisibility


   Skills:
 + Level 7.1 Fighting
 + Level 6.6 Short Blades
 + Level 6.6 Long Blades
 + Level 6.6 Axes
 + Level 6.6 Maces & Flails
 + Level 6.6 Polearms
 + Level 6.6 Staves
 + Level 6.6 Ranged Weapons
 + Level 6.6 Throwing
 + Level 6.6 Armour
 + Level 8.1 Dodging
 + Level 6.6 Stealth
 + Level 6.6 Shields
 + Level 9.4 Unarmed Combat
 + Level 6.6 Spellcasting
 + Level 5.4 Conjurations
 + Level 5.4 Hexes
 + Level 5.4 Summonings
 + Level 5.4 Necromancy
 + Level 5.4 Translocations
 + Level 5.4 Transmutations
 + Level 5.4 Fire Magic
 + Level 5.4 Ice Magic
 + Level 5.4 Air Magic
 + Level 5.4 Earth Magic
 + Level 5.4 Poison Magic
 + Level 7.2 Invocations
 + Level 6.6 Evocations
 + Level 9.0 Shapeshifting


You had 23 spell levels left.
You didn't know any spells.
Your spell library contained the following spells:

 Spells                   Type           Power      Damage    Failure   Level
 Ensorcelled Hibernation  Hex/Ice        24%        N/A       3%          2
 Jinxbite                 Hex            24%        N/A       3%          2
 Stone Arrow              Conj/Erth      24%        3d8       7%          3
 Anguish                  Hex/Necr       6%         N/A       22%         4
 Animate Armour           Summ/Erth      24%        N/A       22%         4
 Lehudib's Crystal Spear  Conj/Erth      6%         10d3      100%        8


Dungeon Overview and Level Annotations

Branches:
Dungeon (11/15)            Temple (0/1) D:6             Orc (0/2) D:11
  Sewer (visited)
   Lair: D:8-11

Altars:
Hepliaklqana
Kikubaaqudgha
Nemelex Xobeh
Okawaru
Qazlal
Ru
Sif Muna
Trog
Uskayaw
Wu Jian

Shops:
D:2 =   D:3 (   D:9 :   D:10 *   D:11 **

Annotations:
D:10 Amaemon


Innate Abilities, Weirdness & Mutations

You are a hulking beast.
Your limbs bulge with bestial killing power. (Slay +4)
You have very sharp teeth.
Your uncanny sense of smell can sniff out nearby items.
Your experience applies equally to all skills.


Message History

You are too injured to fight recklessly!
You are too injured to fight recklessly!
The boulder beetle leaps!
The orc attacks as it pursues you! The orc completely misses you.
Things that are here:
a +1 dagger of venom; a +0 robe The orc closely misses you.
The boulder beetle curls into a ball and begins rolling!
Things that are here:
a +0 battleaxe; a +0 chain mail; an orc corpse
Aiming: Mindburst
Press: ? - help, Shift-Dir - straight line, f - boulder beetle
Aim: a boulder beetle (rolling, chance to affect: 72%)
The boulder beetle struggles to resist.
You hear a shout!
The orc hits you but does no damage.
Aiming: Mindburst
Press: ? - help, Shift-Dir - straight line, f/p - boulder beetle
Aim: a boulder beetle (rolling, chance to affect: 72%)
The boulder beetle's mind is blasted!!
The boulder beetle hits you!
The boulder beetle stops rolling and uncurls.
The orc hits you with a +0 flail. The orc closely misses you.
The boulder beetle barely misses you.
You take 15 damage, and have 42/84 hp.
You now have 11/20 mp.
Aiming: Mindburst
Press: ? - help, Shift-Dir - straight line, f/p - boulder beetle
Aim: a boulder beetle (lightly wounded, chance to affect: 72%)
The boulder beetle struggles to resist.
The now-empty wand crumbles to dust.
The boulder beetle bites you! The orc hits you but does no damage.
You take 6 damage, and have 36/84 hp.
You now have 8/20 mp.
The boulder beetle curls into a ball and begins rolling!
The orc attacks as it pursues you! The orc hits you with a +0 flail!
The orc closely misses you.
You take 6 damage, and have 30/84 hp.
You feel very mighty all of a sudden. The boulder beetle hits you!!!
* * * LOW HITPOINT WARNING * * *
The boulder beetle stops rolling and uncurls.
The orc barely misses you. The boulder beetle bites you!
You die...

#).)..#.## #
###).##..## #
######..# #
##############.# #
. .............#.#
.........!.....#.#
....##.........#.#
......)>°B)......#
......).ooh)#..###
.......!.).)#..#
...............#
################


You could see a boulder beetle and 2 orcs.

Vanquished Creatures
  Snorg (D:10)
  A catoblepas (D:11)
  A centaur warrior (D:11)
  2 cyclopes (D:11)
  3 kobold demonologists (D:9)
  Psyche (D:8)
  2 trolls (D:11)
  A wraith (D:10)
  Sigmund (D:4)
  A wyvern (D:7)
  2 vampires (D:11)
  4 yaks (D:7)
  2 steam dragons
  3 vampire mosquitoes (D:10)
  A water moccasin (D:4)
  Pargi (Sewer)
  3 ice beasts
  A black bear (D:7)
  7 orc warriors
  3 ogres
  8 centaurs
  2 bullfrogs (D:7)
  A kobold brigand (D:8)
  17 wights
  5 killer bees (D:11)
  4 howler monkeys
  3 hounds
  A jelly (D:7)
  8 orc priests
  A sleepcap (D:5)
  2 iguanas
  11 orc wizards
  10 gnolls
  5 adders
  2 river rats (D:4)
  2 shadow imps
  A white imp (D:5)
  2 ufetubi (D:3)
  The ghost of Spaninq the Sneak, a weakling DrDe (D:4)
  2 dart slugs (D:3)
  53 orcs
  6 ball pythons
  6 endoplasms
  5 giant cockroaches
  4 jackals (D:3)
  18 kobolds
  2 quokkas
  7 bats
  A frilled lizard (D:2)
  2 goblins
  2 rats
235 creatures vanquished.

Notes
Turn   | Place    | Note
-------+----------+-------------------------------------------
     0 | D:1      | tsujin the Gnoll Shapeshifter began the quest for the Orb.
     0 | D:1      | Reached XP level 1. HP: 17/17 MP: 1/1
   414 | D:1      | Reached XP level 2. HP: 22/23 MP: 2/2
  1139 | D:2      | Found a bloodstained altar of Trog.
  1146 | D:2      | Became a worshipper of Trog the Wrathful
  1190 | D:2      | Found Usaed's Jewellery Shoppe.
  1225 | D:2      | Reached XP level 3. HP: 26/28 MP: 3/3
  1618 | D:3      | Found a sparkling altar of Nemelex Xobeh.
  1666 | D:3      | Reached skill level 1 in Invocations
  1680 | D:3      | Found a stormy altar of Qazlal.
  1794 | D:2      | Reached skill level 1 in Short Blades
  1794 | D:2      | Reached skill level 1 in Long Blades
  1794 | D:2      | Reached skill level 1 in Axes
  1794 | D:2      | Reached skill level 1 in Maces & Flails
  1794 | D:2      | Reached skill level 1 in Polearms
  1794 | D:2      | Reached skill level 1 in Staves
  1794 | D:2      | Reached skill level 1 in Ranged Weapons
  1794 | D:2      | Reached skill level 1 in Throwing
  1794 | D:2      | Reached skill level 1 in Armour
  1794 | D:2      | Reached skill level 1 in Stealth
  1794 | D:2      | Reached skill level 1 in Shields
  1794 | D:2      | Reached skill level 1 in Spellcasting
  1794 | D:2      | Reached skill level 1 in Evocations
  1984 | D:2      | Reached XP level 4. HP: 24/34 MP: 2/5
  2076 | D:3      | Found an iron altar of Okawaru.
  2092 | D:3      | Reached skill level 1 in Conjurations
  2092 | D:3      | Reached skill level 1 in Hexes
  2092 | D:3      | Reached skill level 1 in Summonings
  2092 | D:3      | Reached skill level 1 in Necromancy
  2092 | D:3      | Reached skill level 1 in Translocations
  2092 | D:3      | Reached skill level 1 in Transmutations
  2092 | D:3      | Reached skill level 1 in Fire Magic
  2092 | D:3      | Reached skill level 1 in Ice Magic
  2092 | D:3      | Reached skill level 1 in Air Magic
  2092 | D:3      | Reached skill level 1 in Earth Magic
  2092 | D:3      | Reached skill level 1 in Poison Magic
  2190 | D:3      | Found an ancient bone altar of Kikubaaqudgha.
  2290 | D:3      | Found Mepamp's Antique Weapon Boutique.
  2320 | D:3      | Found a shimmering blue altar of Sif Muna.
  2482 | D:3      | Found a faded altar of an unknown god.
  2549 | D:3      | Reached * piety under Trog
  2616 | D:3      | Reached XP level 5. HP: 39/40 MP: 5/7
  2724 | D:4      | Found a glowing drain.
  2741 | Sewer    | Entered a sewer
  2862 | Sewer    | Noticed Pargi
  2873 | Sewer    | Killed Pargi
  2874 | Sewer    | Reached XP level 6. HP: 34/47 MP: 5/8
  2967 | D:4      | Found a large runed translucent door.
  2967 | D:4      | Found a large runed translucent door.
  2969 | D:4      | Noticed Spaninq's ghost (weakling DrDe)
  2986 | D:4      | Killed Spaninq's ghost
  3087 | D:4      | Noticed a water moccasin
  3094 | D:4      | Killed a water moccasin
  3095 | D:4      | Reached skill level 5 in Dodging
  3237 | D:4      | Noticed Sigmund
  3251 | D:4      | Killed Sigmund
  3252 | D:4      | Reached XP level 7. HP: 36/52 MP: 5/10
  3795 | D:5      | Entered Level 5 of the Dungeon
  3795 | D:5      | Found a hide-covered altar of Uskayaw.
  4141 | D:5      | Reached XP level 8. HP: 60/60 MP: 12/12
  4213 | D:5      | Reached ** piety under Trog
  4993 | D:6      | Found a staircase to the Ecumenical Temple.
  5834 | D:6      | Found an ornate altar of the Wu Jian Council.
  7018 | D:7      | Noticed a wyvern
  7025 | D:7      | Killed a wyvern
  7026 | D:7      | Reached XP level 9. HP: 61/66 MP: 12/14
  7175 | D:7      | Identified the +0 ring mail of Slovenliness {rElec rF-
                  | rCorr Str-3}
  7265 | D:7      | Reached skill level 5 in Fighting
  7322 | D:7      | Reached *** piety under Trog
  7331 | D:7      | Reached skill level 5 in Invocations
  7816 | D:8      | Identified the +1 scale mail of Axadghot {Str-3 Int+3
                  | Dex+6}
  8007 | D:8      | Noticed Psyche
  8014 | D:8      | Killed Psyche
  8015 | D:8      | Reached XP level 10. HP: 76/76 MP: 15/17
  8089 | D:8      | Reached skill level 5 in Short Blades
  8089 | D:8      | Reached skill level 5 in Long Blades
  8089 | D:8      | Reached skill level 5 in Axes
  8089 | D:8      | Reached skill level 5 in Maces & Flails
  8089 | D:8      | Reached skill level 5 in Polearms
  8089 | D:8      | Reached skill level 5 in Staves
  8089 | D:8      | Reached skill level 5 in Ranged Weapons
  8089 | D:8      | Reached skill level 5 in Throwing
  8089 | D:8      | Reached skill level 5 in Armour
  8089 | D:8      | Reached skill level 5 in Stealth
  8089 | D:8      | Reached skill level 5 in Shields
  8089 | D:8      | Reached skill level 5 in Spellcasting
  8089 | D:8      | Reached skill level 5 in Evocations
  8270 | D:8      | You are sucked into a shaft and drop 2 floors!
  8270 | D:10     | Entered Level 10 of the Dungeon
  8402 | D:9      | Noticed a kobold demonologist
  8448 | D:9      | Killed a kobold demonologist
  8637 | D:9      | Reached **** piety under Trog
  8912 | D:9      | Found a sacrificial altar of Ru.
  8933 | D:9      | Found Itechan's Book Emporium.
  9097 | D:9      | Noticed a kobold demonologist
  9097 | D:9      | Noticed a kobold demonologist
  9111 | D:9      | Noticed a sun demon
  9111 | D:9      | Killed a kobold demonologist
  9118 | D:9      | Killed a kobold demonologist
  9481 | D:10     | Noticed an orange demon
  9499 | D:10     | Found a transporter.
  9501 | D:10     | Found Narhoxt's Assorted Antiques.
  9506 | D:10     | Found a transporter.
  9601 | D:10     | Noticed Snorg
  9623 | D:10     | Killed Snorg
  9668 | D:10     | Reached XP level 11. HP: 55/83 MP: 16/19
  9932 | D:10     | Noticed Amaemon
  9960 | D:10     | Found a hazy altar of Hepliaklqana.
  9976 | D:10     | Reached skill level 5 in Conjurations
  9976 | D:10     | Reached skill level 5 in Hexes
  9976 | D:10     | Reached skill level 5 in Summonings
  9976 | D:10     | Reached skill level 5 in Necromancy
  9976 | D:10     | Reached skill level 5 in Translocations
  9976 | D:10     | Reached skill level 5 in Transmutations
  9976 | D:10     | Reached skill level 5 in Fire Magic
  9976 | D:10     | Reached skill level 5 in Ice Magic
  9976 | D:10     | Reached skill level 5 in Air Magic
  9976 | D:10     | Reached skill level 5 in Earth Magic
  9976 | D:10     | Reached skill level 5 in Poison Magic
 10394 | D:11     | Noticed a cyclops
 10403 | D:11     | Killed a cyclops
 10672 | D:11     | Found Mefugu's Merry Market.
 10680 | D:11     | Bought a wand of mindburst (6) for 100 gold pieces
 10680 | D:11     | Bought a potion of might for 48 gold pieces
 10726 | D:11     | Found Navam's Assorted Antiques.
 10795 | D:11     | HP: 4/83 [basilisk (5)]
 11094 | D:11     | Noticed a centaur warrior
 11104 | D:11     | Killed a centaur warrior
 11259 | D:11     | Noticed a catoblepas
 11406 | D:11     | Killed a catoblepas
 11439 | D:11     | Noticed a cyclops
 11443 | D:11     | Killed a cyclops
 11896 | D:11     | Found a staircase to the Orcish Mines.
 11917 | D:11     | Noticed a boulder beetle
 11930 | D:11     | HP: 1/84 [boulder beetle (30)]
 11930 | D:11     | Mangled by a boulder beetle

Illustrated notes

Levels and vault maps discovered:
D:1:      dpeg_arrival_another_circle, layout_basic
D:2:      layout_basic, serial_curves, eino_curves_01, eino_curves_03,
          serial_shops, nicolae_shop_stone, basic_altar,
          kennysheep_generic_room_14
D:3:      layout_loops_ring, amcnicky_altar_gilded,
          mainiacjoe_overflow_boulevard, lemuel_coloured_pillars_altar,
          jmf_multi_god_temple, dreamdust_ecumenical_altar_angels_and_demons,
          serial_shops, nicolae_shop_tiny_glass
D:4:      layout_layer_cave, cheibrodos_sewer_entry_sluice,
          ebering_ghost_disaster_area, uniq_sigmund
D:5:      layout_cave_pods, lemuel_crystal_altar
D:6:      layout_basic, mainiacjoe_overflow_small_starburst,
          minmay_temple_entry_junction_2
D:7:      layout_basic
D:8:      layout_cave_pools, mainiacjoe_overflow_surrounded_room,
          erik_lair_dragon, nzn_ghost_randoct, uniq_erica, uniq_psyche
D:9:      layout_roguey [special_room_orc], marbit_many_paths, serial_shops,
          nicolae_lakefront_shop
D:10:     layout_long_grid, kennysheep_mini_moat, serial_shops,
          nicolae_shop_drivethru, uniq_amaemon, uniq_snorg
D:11:     layout_rooms, erik_orc_1, serial_shops, nicolae_shop_hallway_plus,
          nicolae_alphabet_shops, minmay_misc_feat_enclosed, minivault_11

Skill      XL: |  1  2  3  4  5  6  7  8  9 10 11 |
---------------+----------------------------------+-----
Invocations    | 1 2 3 4 5 6 7 |  7.2
Short Blades   | 1 2 3 4 5 6 |  6.6
Long Blades    | 1 2 3 4 5 6 |  6.6
Axes           | 1 2 3 4 5 6 |  6.6
Maces & Flails | 1 2 3 4 5 6 |  6.6
Polearms       | 1 2 3 4 5 6 |  6.6
Staves         | 1 2 3 4 5 6 |  6.6
Ranged Weapons | 1 2 3 4 5 6 |  6.6
Throwing       | 1 2 3 4 5 6 |  6.6
Armour         | 1 2 3 4 5 6 |  6.6
Stealth        | 1 2 3 4 5 6 |  6.6
Shields        | 1 2 3 4 5 6 |  6.6
Spellcasting   | 1 2 3 4 5 6 |  6.6
Evocations     | 1 2 3 4 5 6 |  6.6
Conjurations   | 1 2 3 4 5 |  5.4
Hexes          | 1 2 3 4 5 |  5.4
Summonings     | 1 2 3 4 5 |  5.4
Necromancy     | 1 2 3 4 5 |  5.4
Translocations | 1 2 3 4 5 |  5.4
Transmutations | 1 2 3 4 5 |  5.4
Fire Magic     | 1 2 3 4 5 |  5.4
Ice Magic      | 1 2 3 4 5 |  5.4
Air Magic      | 1 2 3 4 5 |  5.4
Earth Magic    | 1 2 3 4 5 |  5.4
Poison Magic   | 1 2 3 4 5 |  5.4
Fighting       | 3 4 5 6 7 |  7.1
Dodging        | 5 6 7 8 |  8.1
Unarmed Combat | 7 8 9 |  9.4
Shapeshifting  | 7 8 9 |  9.0

Action                     |  1- 3 |  4- 6 |  7- 9 | 10-12 || total
---------------------------+-------+-------+-------+-------++-------
  Melee: Unarmed           |    58 |   118 |   233 |   298 ||   707
         Bite              |     6 |    10 |    28 |    34 ||    78
         Punch             |       |     4 |    13 |    13 ||    30
  Throw: Javelin           |       |       |     9 |       ||     9
         Dart              |       |       |     5 |       ||     5
 Invoke: Berserk           |       |       |     4 |    11 ||    15
         Trog's Hand       |       |       |       |     3 ||     3
  Evoke: Wand              |       |       |    14 |    16 ||    30
    Use: Scroll            |     4 |       |     6 |     8 ||    18
         Potion            |       |     3 |     3 |     4 ||    10
   Stab: Invisible         |       |     1 |       |       ||     1
         Sleeping          |       |       |       |     7 ||     7
 Armour: Leather armour    |    12 |       |       |       ||    12
         Scale mail        |    22 |    85 |   137 |    74 ||   318
         Steam dragon scal |       |       |       |   198 ||   198
         Troll leather arm |       |       |       |     1 ||     1
  Dodge: Dodged            |    33 |    69 |   103 |   259 ||   464

Table legend: (Time is in decaauts)
 A = Elapsed time spent in this place.
 B = Non-inter-level travel time spent in this place.
 C = Inter-level travel time spent in this place.
 D = Time resting spent in this place.
 E = Time spent auto-exploring this place.
 F = Levels seen in this place.
 G = Mean time per level.
                   A        B        C        D        E       F      G
               +--------+--------+--------+--------+--------+-----+--------+
         Total |  11977 |  11135 |    842 |   2546 |   6149 |  12 |  998.1 |
       Dungeon |  11790 |  10948 |    842 |   2546 |   6118 |  11 | 1071.8 |
         Sewer |    187 |    187 |      0 |      0 |     31 |   1 |  187.0 |
               +--------+--------+--------+--------+--------+-----+--------+

Top non-repeatable levels by time:
    D:11: 1648 daAuts
     D:6: 1513 daAuts
     D:7: 1368 daAuts
     D:2: 1171 daAuts
     D:9: 1084 daAuts
     D:5: 1037 daAuts
     D:3: 1012 daAuts
    D:10: 975 daAuts
     D:4: 923 daAuts
     D:1: 726 daAuts
     D:8: 328 daAuts
   Sewer: 187 daAuts
